AoeStats
← Barracks Obama

African Clearing

510914728Analyzed
4v4 RM · 9h ago on Oct 3, 2026· 48m 16s· 8 players
Game mode
Random Map
Map size
Large (8 player)
Population
200
Speed
Normal
Resources
Standard
Victory
Conquest
Starting age
Dark Age
Ending age
Imperial Age
RankedLock teamsTeams togetherTeam positionsShared explorationLock speedFull tech treeHidden civsTurbo modeCheats
Victory
Defeat
🇲🇽 Malians · Mexico
1278
+12
🇨🇳 Lithuanians · China
1230
+14
🇲🇽 Khmer · Mexico
1179
+16
🇺🇸 Spanish · United States
1161
+18
🇺🇸 Turks · United States
1231
-17
🇺🇸 Burmese · United States
1209
-16
🇺🇸 Italians · United States
1174
-14
🇺🇸 Teutons · United States
1133
-13
艾斯
3:23 Loom
3:51 Loom
13:57 Feudal Age
18:59 Castle Age
17:21 Double-Bit Axe
22:13 Gold Mining
32:32 Bow Saw
34:46 Scale Barding Armor
34:53 Forging
35:17 Horse Collar
37:42 Bloodlines
37:33 Husbandry
38:33 Wheelbarrow
40:54 Heavy Plow
43:56 Imperial Age
44:15 Cavalier
45:18 Chain Barding Armor
45:34 Iron Casting
46:22 Heavy Plow
48:17 Plate Barding Armor
JR | Original Poringo
6:06 Loom
16:33 Feudal Age
20:26 Castle Age
18:28 Double-Bit Axe
19:34 Fletching
19:47 Padded Archer Armor
35:32 Horse Collar
39:49 Imperial Age
38:11 Elite Skirmisher
38:53 Bodkin Arrow
39:13 Leather Archer Armor
39:04 Scale Barding Armor
39:10 Forging
38:49 Light Cavalry
39:39 Bloodlines
39:30 Husbandry
40:43 Farimba
42:18 Chain Barding Armor
44:58 Ring Archer Armor
45:04 Plate Barding Armor
45:05 Iron Casting
46:46 Ballistics
47:27 Chemistry
47:08 Heavy Plow
47:25 Heavy Camel Rider
Knightrider
8:29 Loom
13:24 Feudal Age
15:25 Horse Collar
18:54 Forging
20:34 Bloodlines
24:50 Wheelbarrow
28:56 Castle Age
27:09 Stone Mining
27:11 Double-Bit Axe
27:41 Town Watch
28:12 Scale Barding Armor
29:30 Scale Mail Armor
29:08 Light Cavalry
36:50 Iron Casting
38:21 Husbandry
38:47 Chain Barding Armor
39:24 Fletching
40:22 Bodkin Arrow
45:36 Imperial Age
44:53 Gold Mining
45:39 Stone Shaft Mining
45:42 Hussar
47:26 Blast Furnace
47:40 Plate Barding Armor
46:58 Cavalier
47:55 Bracer
The Kraken
12:12 Feudal Age
10:29 Loom
13:01 Double-Bit Axe
18:48 Fletching
23:24 Castle Age
24:20 Bodkin Arrow
24:54 Husbandry
25:23 Bow Saw
26:36 Bloodlines
27:30 Town Watch
28:46 Ballistics
28:42 Padded Archer Armor
31:01 Wheelbarrow
35:54 Leather Archer Armor
47:19 Horse Collar
mentat
4:10 Loom
14:21 Feudal Age
19:12 Castle Age
16:52 Man-at-Arms
19:22 Scale Mail Armor
19:33 Arson
20:14 Gambesons
20:24 Long Swordsman
22:39 Chain Mail Armor
25:10 Forging
28:55 Horse Collar
37:47 Scale Barding Armor
37:54 Padded Archer Armor
38:57 Husbandry
39:08 Bloodlines
44:36 Wheelbarrow
45:30 Fletching
48:54 Imperial Age
bubo bubo
3:27 Loom
14:13 Feudal Age
15:01 Double-Bit Axe
19:54 Bloodlines
20:51 Town Watch
27:46 Castle Age
Boris
5:00 Loom
15:59 Feudal Age
16:44 Double-Bit Axe
21:26 Castle Age
20:39 Gold Mining
20:40 Stone Mining
21:10 Bloodlines
23:12 Horse Collar
26:58 Forging
28:43 Fletching
31:18 Bodkin Arrow
32:33 Thumb Ring
34:40 Wheelbarrow
36:09 Hand Cart
37:13 Padded Archer Armor
38:05 Heavy Plow
42:29 Imperial Age
41:47 Husbandry
42:07 Leather Archer Armor
42:28 Iron Casting
41:58 Scale Barding Armor
45:07 Conscription
46:13 Stone Shaft Mining
Barracks Obama
10:39 Loom
12:53 Feudal Age
15:31 Town Watch
18:25 Bloodlines
21:17 Castle Age
19:32 Forging
22:03 Scale Barding Armor
31:33 Horse Collar
33:16 Husbandry
33:19 Double-Bit Axe
44:47 Wheelbarrow
46:02 Bow Saw
Connection lost

Rejoining the realm…

Still unreachable

The connection could not be restored.

Session expired

The server has moved on; the page needs a fresh start.